 Dungeon Crawl Stone Soup version 0.31.0-4-g52a2dc7128 (webtiles) character file.

Game seed: 7308887058800590556

104 BigPumpCobain the Ruffian (level 4, -9/44 HPs)
             Began as a Troll Fighter on Jan 22, 2024.
             Killed by divine providence
             ... invoked by an orc priest
              (12 damage)
             ... on level 3 of the Dungeon.
             The game lasted 00:02:09 (1528 turns).

BigPumpCobain the Ruffian (Troll Fighter)           Turns: 1528, Time: 00:02:09

Health: -9/44      AC:  5    Str: 26    XL:     4   Next: 52%
Magic:  3/3        EV:  9    Int:  4    God:
Gold:   160        SH:  7    Dex:  9    Spells: 3/3 levels left

rFire   . .          .
                       - Unarmed
rCold   . . .        b - +0 kite shield
rNeg    . . .        a - +0 robe
rPois   .            (helmet restricted)
rElec   .            j - +0 cloak
rCorr   .            (gloves unavailable)
SInv    .            (boots unavailable)
Will    .....        (no amulet)
Stlth   +            (no ring)
HPRegen 1.07/turn    (no ring)
MPRegen 0.08/turn

%: no passive effects
@: mighty
A: large, unfitting armour, claws 3, regeneration 1, shaggy fur 1, tough skin 1
a: no special abilities


You were on level 3 of the Dungeon.
You visited 1 branch of the dungeon, and saw 3 of its levels.

You collected 160 gold pieces.

Inventory:

Missiles
 e - 5 javelins (quivered)
Armour
 a - a +0 robe (worn)
 b - a +0 kite shield (worn)
 j - a +0 cloak (worn)
Scrolls
 d - 2 scrolls of teleportation
 f - a scroll of torment
 h - a scroll of enchant armour {unknown}
 i - a scroll of revelation {unknown}
Potions
 g - a potion of curing {unknown}
 k - a potion of brilliance {unknown}


   Skills:
 + Level 2.9 Fighting
 + Level 2.9 Dodging
 + Level 3.2 Shields
 * Level 3.4 Unarmed Combat


You had 3 spell levels left.
You didn't know any spells.
Your spell library contained the following spells:

 Spells                   Type           Power      Damage    Failure   Level
 Magic Dart               Conj           0%         1d3       75%         1
 Blink                    Tloc           0%         N/A       87%         2
 Call Imp                 Summ           0%         N/A       87%         2
 Lesser Beckoning         Tloc           0%         N/A       87%         2
 Gell's Gravitas          Tloc           0%         N/A       98%         3
 Inner Flame              Hex/Fire       0%         N/A       98%         3
 Teleport Other           Tloc           0%         N/A       98%         3
 Tukima's Dance           Hex            0%         N/A       98%         3
 Dimensional Bullseye     Hex/Tloc       0%         N/A       100%        4
 Flame Wave               Conj/Fire      0%         2d4       100%        4
 Iskenderun's Mystic Bla  Conj/Tloc      0%         2d3       100%        4
 Sticky Flame             Fire/Alch      0%         2d4       100%        4


Dungeon Overview and Level Annotations

Branches:
Dungeon (3/15)

Altars:


Innate Abilities, Weirdness & Mutations

You are too large for most types of armour.
You have claws for hands.
Your natural rate of healing is unusually fast.
You are covered in fur. (AC +1)
You have tough skin. (AC +1)


Message History

You are too injured to fight recklessly!
You are too injured to fight recklessly!
You are too injured to fight recklessly!
You are too injured to fight recklessly!
You are too injured to fight recklessly!
You are too injured to fight recklessly!
You are too injured to fight recklessly!
You are too injured to fight recklessly!
You are too injured to fight recklessly!
You are too injured to fight recklessly!
You are too injured to fight recklessly!
You are too injured to fight recklessly!
You are too injured to fight recklessly!
You are too injured to fight recklessly!
You are too injured to fight recklessly!
You are too injured to fight recklessly!
You are too injured to fight recklessly!
You feel very mighty all of a sudden. You block something's attack.
Something hits you.
You scratch something.
You hear some strange, mumbled words.
A magic dart appears from out of thin air!
The magic dart hits you.
* * * LOW HITPOINT WARNING * * *
You hear some strange, mumbled words.
Something tries to affect you, but you resist.
The orc priest calls down the wrath of Beogh upon you.
Beogh smites you!
* * * LOW HITPOINT WARNING * * *
You mangle something!!
Reactivating autopickup.
You feel a bit more experienced. Something hits you but does no damage.
Deactivating autopickup; reactivate with Ctrl-A.
The orc priest looks braver for a moment.
You scratch the orc.
The orc is heavily wounded.
Something hits you but does no damage. The orc hits you but does no damage.
The orc priest mumbles some strange prayers to Beogh against you.
Beogh smites you!
You die... .......###.##### #....###.# #... .......# #.....# #....# #.# ##### .......# #####.# #....# #.# ..# ......##### #.# ....# #.# #.### ##+##.....## #.# >...# #.#.#.##. ##.........###.# #.... #.#.##) ....#.#.#......# og.

#.#.##.
#.....#....##..##o##
#.#.##.
#.#)#.#.#..##..#@{.#
#.#....
....#.#....##..+...#
#.#.#.#
#.#............#...#
#.#....
..#.#......#.....###..#
#.....#
###.#.#.##.#.###.#....#
#...... ......#.##.#.#
#.# #..#####......
##....#..#.#.# #.#
#.............
.....<.....#.###..
(.####......).
.#.##.##.###......##.#
#.##..###


You could see an orc priest, an orc and a hobgoblin.

Vanquished Creatures
  Terence (D:3)
  An orc wizard (D:3)
  An adder (D:2)
  2 orcs (D:3)
  5 bats
  5 endoplasms
  A giant cockroach (D:2)
  2 goblins
  5 hobgoblins
  5 jackals
  2 kobolds (D:1)
  A quokka (D:2)
  7 ball pythons
  4 frilled lizards
  2 rats
44 creatures vanquished.

Notes
Turn   | Place    | Note
-------+----------+-------------------------------------------
     0 | D:1      | BigPumpCobain the Troll Fighter began the quest for the
                  | Orb.
     0 | D:1      | Reached XP level 1. HP: 22/22 MP: 0/0
   208 | D:1      | Reached XP level 2. HP: 29/29 MP: 1/1
   855 | D:2      | Reached XP level 3. HP: 24/36 MP: 2/2
  1395 | D:3      | Noticed Terence
  1399 | D:3      | Killed Terence
  1400 | D:3      | Reached XP level 4. HP: 44/44 MP: 3/3
  1526 | D:3      | HP: 1/44 [orc priest/divine providence (10)]
  1528 | D:3      | Killed from afar by an orc priest

Illustrated notes

Levels and vault maps discovered:
D:1:      lightli_arrival_farm, layout_basic, minmay_hedge_maze
D:2:      layout_rooms, serial_rivers, chequers_serial_rivers_micro_d,
          chequers_serial_rivers_micro_d, chequers_serial_rivers_micro_b,
          chequers_serial_rivers_micro_e, grunt_decor_fettered,
          nicolae_eternal_life, chequers_serial_rivers_large_b
D:3:      layout_basic, uniq_grinder, uniq_terence

Skill      XL: |  1  2  3 |
---------------+----------+-----
Shields        | 3 |  3.2
Unarmed Combat | 3 |  3.4
Fighting       | |  2.9
Dodging        | |  2.9

Action                     |  1- 3 |  4- 6 || total
---------------------------+-------+-------++-------
  Melee: Unarmed           |   113 |    27 ||   140
    Use: Scroll            |     2 |       ||     2
         Potion            |       |     1 ||     1
 Armour: Robe              |    54 |    34 ||    88
  Dodge: Dodged            |    38 |    16 ||    54
  Block: Kite shield       |    49 |    15 ||    64
